 Dungeon Crawl Stone Soup version 0.19-a0-944-gb338e1e (webtiles) character file.

2107 puppykicker the Destroyer (level 9, -2/52 HPs)
             Began as a Tengu Fire Elementalist on July 9, 2016.
             Was a Follower of Vehumet.
             Slain by Snorg (27 damage)
             ... on level 10 of the Dungeon.
             The game lasted 00:21:00 (8098 turns).

puppykicker the Destroyer (Tengu Fire Elementalist) Turns: 8098, Time: 00:21:00

Health: -2/52      AC:  2    Str:  8    XL:     9   Next: 28%
Magic:  14/25      EV: 15    Int: 19    God:    Vehumet [*.....]
Gold:   214        SH:  0    Dex: 23    Spells: 5 memorised, 0 levels left

rFire  . . .     SeeInvis .     a - +8 trident of Forgiveness {freeze, +Fly rC- Dex+8 Stlth-}
rCold  x . .     Gourm    .     s - +0 robe
rNeg   . . .     Faith    .     (no shield)
rPois  .         Spirit   .     (helmet restricted)
rElec  .         Dismiss  .     (no cloak)
rCorr  .         Reflect  .     (no gloves)
SustAt .         Harm     .     (boots unavailable)
MR     .....                    (no amulet)
Stlth  +.........               y - ring of wizardry
                                q - ring of magical power

@: not resistant to hostile enchantments, very unstealthy
A: beak, talons 3, able to fly 1
a: Fly, Renounce Religion, Evoke Flight


You were on level 10 of the Dungeon.
You worshipped Vehumet.
Vehumet was aware of your devotion.
You were hungry.

You visited 2 branches of the dungeon, and saw 9 of its levels.

You collected 404 gold pieces.
You spent 190 gold pieces at shops.


Innate Abilities, Weirdness & Mutations

You have a beak for a mouth.
You have claws for feet.
You can fly.


   Skills:
 + Level 3.9 Fighting
 + Level 4.0 Dodging
 - Level 2.0 Stealth
 + Level 4.3 Spellcasting
 + Level 9.1 Conjurations
 + Level 8.2 Fire Magic
 + Level 0.6 Air Magic
 + Level 0.4 Poison Magic


You couldn't memorise any spells.
You knew the following spells:

 Your Spells              Type           Power        Failure   Level  Hunger
a - Flame Tongue          Conj/Fire      #####        1%          1    None
b - Fireball              Conj/Fire      #####.....   4%          5    ######.
c - Conjure Flame         Conj/Fire      #####...     1%          3    ###....
d - Sticky Flame          Conj/Fire      #####...     1%          4    ####...
C - Mephitic Cloud        Conj/Pois/Air  ###.....     4%          3    ###....

Inventory:

Hand Weapons
 a - the +8 trident of Forgiveness (weapon) {freeze, +Fly rC- Dex+8 Stlth-}
   (You found it on level 6 of the Dungeon)

   It has been specially enchanted to freeze those struck by it, causing extra
   injury to most foes and up to half again as much damage against particularly
   susceptible opponents.
   It can also slow down cold-blooded creatures.
   It affects your dexterity (+8).
   It makes you vulnerable to cold.
   It lets you fly.
   It makes you less stealthy.
 b - a +2 war axe of electrocution
 c - a +2 dagger of venom
 w - a +0 trident
 A - a +0 glaive
Missiles
 g - 82 arrows
 h - 38 bolts
 k - 5 javelins (quivered)
 p - 17 poisoned needles
Armour
 e - a +0 shield
 s - a +0 robe (worn)
 G - a +1 leather armour of poison resistance
 O - a +0 gold dragon armour
Jewellery
 q - a ring of magical power (left hand)
 u - an uncursed ring of wizardry
 y - a ring of wizardry (right hand)
Wands
 t - a wand of slowing (21/48)
 v - a wand of acid (2/15)
 L - a wand of random effects (27/48)
 R - a wand of heal wounds (2/9) {!d}
Scrolls
 j - 3 scrolls of teleportation
 o - 2 scrolls of enchant weapon
 x - 4 scrolls of remove curse
 B - a scroll of enchant armour
 I - a scroll of magic mapping
 K - a scroll of fog
Potions
 i - 2 potions of heal wounds
 l - a potion of cure mutation
 n - 2 potions of flight
 r - a potion of agility
 z - 3 potions of cancellation
 C - a potion of might
 H - a potion of ambrosia
 P - a potion of lignification {!q}
Books
 E - a book of Flames
 F - a Young Poisoner's Handbook
Comestibles
 d - 4 chunks of flesh {@w1}
 f - 3 meat rations
 m - 2 royal jellies
 D - 2 bread rations

Dungeon Overview and Level Annotations

Branches:
Dungeon (7/15)             Temple (1/1) D:5

Altars:
Ashenzari
Cheibriados
Dithmenos
Elyvilon
Fedhas
Gozag
Hepliaklqana
Kikubaaqudgha
Makhleb
Nemelex Xobeh
Okawaru
Pakellas
Qazlal
Ru
Sif Muna
Trog
Uskayaw
Vehumet
Xom
Yredelemnul
Zin
The Shining One

Shops:
D:5 *

Annotations:
D:10 Snorg

### ##(## ##.#.##
########.###.#######
........## ##T@....#
########.###.#####....
#...#...>..# #
#.##.#####.# #. #.# #.
#.# #. #.# #. #†# #.
#.#


You could see Snorg (berserk).


Message History

Things that are here:
a jackal corpse x2
Aiming: Sticky Flame
Aim: Snorg The sticky flame hits Snorg.
Snorg is lightly wounded.
Snorg is covered in liquid flames!
Snorg burns!
Snorg bites you but does no damage. Snorg closely misses you. Snorg claws you.
* * * LOW HITPOINT WARNING * * *
Snorg burns!
Snorg burns!
You see here 11 sling bullets.
Snorg burns!
Okay, then.
Unknown command.
Okay, then.
Snorg burns!
Snorg goes berserk!
Snorg burns!
Snorg stops burning.
Aiming: Conjure Flame The fire roars!
You are feeling hungry.
Snorg is engulfed in roaring flames.
Snorg closely misses you. x3
Aiming: Sticky Flame
Aim: Snorg (flame, moderately wounded, berserk, fast, unusually strong)
The sticky flame hits Snorg.
Snorg is moderately wounded.
Snorg is covered in liquid flames!
Snorg burns!
Snorg is engulfed in roaring flames.
Snorg bites you!!
Ouch! That really hurt!
You die...

Action                   |  1- 3 |  4- 6 |  7- 9 || total
-------------------------+-------+-------+-------++-------
Melee: Unarmed           |     8 |       |       ||     8
       Kick              |     3 |     3 |    35 ||    41
       Peck              |     2 |     1 |    15 ||    18
       Spear             |    18 |    18 |   136 ||   172
       Trident           |       |       |    50 ||    50
Throw: Javelin           |     1 |       |     1 ||     2
 Cast: Flame Tongue      |    39 |    72 |    91 ||   202
       Conjure Flame     |     1 |     2 |     1 ||     4
       Sticky Flame      |       |     5 |    21 ||    26
       Fireball          |       |       |     1 ||     1
Evoke: Wand              |       |       |     2 ||     2
  Use: Scroll            |     1 |     1 |    17 ||    19
       Potion            |       |       |     4 ||     4
 Stab: Sleeping          |     1 |       |     1 ||     2
       Distracted        |     1 |       |       ||     1
  Eat: Chunk             |     1 |     6 |    11 ||    18
       Beef jerky        |       |     1 |     1 ||     2
       Bread ration      |       |     1 |     1 ||     2
Armor: Robe              |    11 |    10 |    23 ||    44
Dodge: Dodged            |    15 |    31 |   163 ||   209

Vault maps used:
D:1:      lightli_iron_boxes
D:2:      serial_glass, glass_columns_b, glass_columns_c, grunt_ministairs_1
D:3:      uniq_natasha, uniq_iyjb
D:4:      hangedman_minor_gate_pass
D:5:      basic_altar, first_bread, serial_shops, nicolae_shop_window_shopping,
          uniq_menkaure
D:6:      tso_oasis_becter, uniq_grinder
D:7:      basic_altar
D:10:     erik_lair_orcish_takeover, serial_shops, shop, uniq_maud, uniq_snorg
Temple:   grunt_wide_crystal_templ

Notes
Turn   | Place    | Note
-------+----------+-------------------------------------------
     0 | D:1      | puppykicker the Tengu Fire Elementalist began the quest for the Orb.
     0 | D:1      | Reached XP level 1. HP: 10/10 MP: 4/4
    96 | D:1      | Reached skill level 2 in Conjurations
   149 | D:1      | Reached XP level 2. HP: 14/15 MP: 3/6
   653 | D:2      | Reached skill level 3 in Conjurations
   674 | D:2      | Reached XP level 3. HP: 19/19 MP: 5/7
   844 | D:2      | Reached skill level 4 in Fire Magic
  1019 | D:2      | Learned a level 3 spell: Conjure Flame
  1170 | D:3      | Noticed Ijyb
  1198 | D:3      | Killed Ijyb
  1198 | D:3      | Reached XP level 4. HP: 24/24 MP: 8/8
  1392 | D:3      | Reached skill level 4 in Conjurations
  1547 | D:3      | Noticed an ogre
  1572 | D:3      | Killed an ogre
  1572 | D:3      | Reached skill level 5 in Fire Magic
  1572 | D:3      | Gained mutation: You can fly. [Tengu growth]
  1572 | D:3      | Reached XP level 5. HP: 25/28 MP: 6/9
  1578 | D:3      | Learned a level 4 spell: Sticky Flame
  1897 | D:3      | Noticed Natasha
  1900 | D:3      | Killed Natasha
  1900 | D:3      | Reached skill level 5 in Conjurations
  2138 | D:3      | Reached XP level 6. HP: 28/32 MP: 10/10
  2477 | D:3      | Noticed Natasha
  2479 | D:3      | Killed Natasha
  2799 | D:3      | Noticed Natasha
  2803 | D:3      | Killed Natasha
  3004 | D:4      | Reached skill level 6 in Fire Magic
  3033 | D:4      | Reached skill level 6 in Conjurations
  3359 | D:4      | Noticed a phantom
  3399 | D:4      | Killed a phantom
  3476 | D:4      | Reached XP level 7. HP: 36/36 MP: 11/11
  4216 | D:5      | Entered Level 5 of the Dungeon
  4403 | D:5      | Reached skill level 7 in Conjurations
  4403 | D:5      | Reached skill level 7 in Fire Magic
  4544 | D:5      | Reached skill level 1 in Fighting
  4690 | D:5      | Reached XP level 8. HP: 29/44 MP: 13/13
  4938 | D:5      | Reached skill level 2 in Fighting
  5157 | D:5      | Noticed Menkaure
  5165 | D:5      | Killed Menkaure
  5165 | D:5      | Reached skill level 3 in Spellcasting
  5173 | D:5      | Learned a level 5 spell: Fireball
  5414 | D:5      | Found an oddly glowing altar of Pakellas.
  5422 | D:5      | Found a staircase to the Ecumenical Temple.
  5440 | Temple   | Entered the Ecumenical Temple
  5515 | Temple   | Became a worshipper of Vehumet
  5689 | D:5      | Found Funuthunula's Assorted Antiques.
  5703 | D:5      | Bought a scroll of identify for 38 gold pieces
  5703 | D:5      | Bought a scroll labeled JIOBBA QISASTRA for 19 gold pieces
  5703 | D:5      | Bought a scroll of teleportation for 57 gold pieces
  5703 | D:5      | Bought a fluorescent wand for 76 gold pieces
  5931 | D:5      | Reached skill level 8 in Conjurations
  6263 | D:6      | Noticed Grinder
  6273 | D:6      | Paralysed by Grinder for 5 turns
  6276 | D:6      | Killed Grinder
  6284 | D:6      | Reached skill level 3 in Fighting
  6686 | D:6      | Got an ebony trident
  6687 | D:6      | Identified the +8 trident of Forgiveness {freeze, +Fly rC- Dex+8 Stlth-} (You found it on level 6 of the Dungeon)
  6721 | D:6      | Reached skill level 3 in Dodging
  6917 | D:6      | Identified a +0 gold dragon armour (You found it on level 6 of the Dungeon)
  7203 | D:6      | Found a glowing golden altar of the Shining One.
  7396 | D:6      | Reached skill level 4 in Spellcasting
  7396 | D:6      | Reached skill level 8 in Fire Magic
  7396 | D:6      | Reached XP level 9. HP: 51/51 MP: 16/16
  7450 | D:6      | Identified a wand of heal wounds
  7895 | D:7      | Reached skill level 9 in Conjurations
  8056 | D:7      | Learned a level 3 spell: Mephitic Cloud
  8056 | D:7      | You fall through a shaft for 3 floors!
  8056 | D:10     | Entered Level 10 of the Dungeon
  8070 | D:10     | Reached * piety under Vehumet
  8070 | D:10     | Offered knowledge of Magic Dart by Vehumet.
  8074 | D:10     | Reached skill level 4 in Dodging
  8078 | D:10     | Noticed Snorg
  8098 | D:10     | Slain by Snorg

Vanquished Creatures
  Grinder (D:6)
  A hippogriff (D:10)
  Menkaure (D:5)
  An ice beast (D:5)
  A sky beast (D:6)
  A phantom (D:4)
  3 ogres
  A giant frog (D:6)
  A scorpion (D:7)
  2 howler monkeys
  4 crimson imps
  3 hounds
  3 giant frog skeletons
  A centaur skeleton (D:6)
  Ijyb (D:3)
  Natasha (thrice) (D:3)
  3 iguanas
  5 orc wizards
  3 worker ants
  A killer bee zombie (D:6)
  6 adders
  A shadow imp (D:7)
  An adder skeleton (D:5)
  A worm (D:3)
  3 dart slugs
  8 giant geckos
  19 orcs
  A ball python (D:5)
  8 bats
  7 giant cockroaches
  7 goblins
  7 hobgoblins
  8 jackals
  5 kobolds
  2 quokkas
  A ball python skeleton (D:5)
  6 giant newts
  4 rats
135 creatures vanquished.

Vanquished Creatures (others)
  An orc priest (D:5)
  An orc (D:5)
2 creatures vanquished.

Grand Total: 137 creatures vanquished
